3L
ROCKY MOUNTAIN NUGGETS @ HARTFORD WHALERS
07/18/2024
 
TOP OF THE 1ST
Rocky Mountain Nuggets batting - Pitching for Hartford Whalers : LHP Ryan Draper
Pitching: LHP Ryan Draper
Batting: RHB Mark Melton 0-0: Foul Ball, location: 2F
0-1: Called Strike
0-2: Foul Ball, location: 2F
0-2: Foul Ball, location: 2F
0-2: Ball
1-2: Foul Ball, location: 2F
1-2: Fly out, F9 (Flyball, 89S)
Batting: LHB Randy Bowen 0-0: Foul Ball, location: 2F
0-1: Called Strike
0-2: Ground out 1-3 (Groundball, 15)
Batting: RHB Paul Smith 0-0: Called Strike
0-1: Foul Ball, location: 2F
0-2: Ground out 5-3 (Groundball, 56)
Top of the 1st over - 0 run(s), 0 hit(s), 0 error(s), 0 left on base; Rocky Mountain 0 - Hartford 0
BOTTOM OF THE 1ST
Hartford Whalers batting - Pitching for Rocky Mountain Nuggets : RHP Ismael Barrios
Pitching: RHP Ismael Barrios
Batting: RHB Edmund Gallagher 0-0: Ground out 5-3 (Groundball, 15S)
Batting: SHB Virgil Eberle 0-0: Foul Ball, location: 2F
0-1: Foul Ball, location: 2F
0-2: Strikes out swinging
Batting: LHB Keith Spear 0-0: Called Strike
0-1: Ball
1-1: Ball
2-1: Called Strike
2-2: Foul Ball, location: 2F
2-2: Foul Ball, location: 2F
2-2: Foul Ball, location: 2F
2-2: Fly out, F9 (Flyball, 89D)
Bottom of the 1st over - 0 run(s), 0 hit(s), 0 error(s), 0 left on base; Rocky Mountain 0 - Hartford 0
TOP OF THE 2ND
Rocky Mountain Nuggets batting - Pitching for Hartford Whalers : LHP Ryan Draper
Batting: LHB Javier Sánchez 0-0: Called Strike
0-1: Reached on error, E6 (Groundball, 6M)
Batting: RHB Mike Green 0-0: Foul Ball, location: 2F
0-1: Ball
1-1: Foul Ball, location: 2F
1-2: Ball
2-2: Strikes out swinging
Batting: SHB Juan Sánchez 0-0: Ball
1-0: Called Strike
1-1: Ball
2-1: SINGLE (Line Drive, 6D)
Javier Sánchez to third
Batting: RHB Michael Riley 0-0: Called Strike
0-1: Called Strike
0-2: Ball
1-2: Ball
2-2: Ball
3-2: Base on Balls
Juan Sánchez to second
Batting: RHB Wes Shannon 0-0: GRAND SLAM HOME RUN (Flyball, 78XD), Distance : 417 ft
Batting: RHB Javier Martínez 0-0: Called Strike
0-1: Ball
1-1: Foul Ball, location: 2F
1-2: Ball
2-2: Fly out, F9 (Line Drive, 9S)
Batting: RHB Mark Melton 0-0: Ball
1-0: Ball
2-0: Ball
3-0: Called Strike
3-1: Swinging Strike
3-2: Foul Ball, location: 2F
3-2: Base on Balls
Batting: LHB Randy Bowen 0-0: Fielders Choice at 2nd, U4 (Groundball, 4M)
Top of the 2nd over - 4 run(s), 2 hit(s), 1 error(s), 1 left on base; Rocky Mountain 4 - Hartford 0
BOTTOM OF THE 2ND
Hartford Whalers batting - Pitching for Rocky Mountain Nuggets : RHP Ismael Barrios
Batting: SHB Al Anderson 0-0: Called Strike
0-1: Swinging Strike
0-2: Strikes out swinging
Batting: RHB Tommy Stanley 0-0: Ground out 1-3 (Groundball, 13S)
Batting: RHB Jake Hutchinson 0-0: Ground out 4-3 (Groundball, 4)
Bottom of the 2nd over - 0 run(s), 0 hit(s), 0 error(s), 0 left on base; Rocky Mountain 4 - Hartford 0
TOP OF THE 3RD
Rocky Mountain Nuggets batting - Pitching for Hartford Whalers : LHP Ryan Draper
Batting: RHB Paul Smith 0-0: Ball
1-0: Ball
2-0: SINGLE (Line Drive, 56)
Batting: LHB Javier Sánchez 0-0: Called Strike
0-1: Ball
Passed Ball!
Paul Smith to second
1-1: Ball
2-1: Ball
3-1: Ground out 4-3 (Groundball, 4)
Paul Smith to third
Batting: RHB Mike Green 0-0: Called Strike
0-1: Foul Ball, location: 2F
0-2: Foul Ball, location: 2F
0-2: SINGLE (Line Drive, 8LS)
Paul Smith scores
Batting: SHB Juan Sánchez 0-0: Swinging Strike
0-1: Swinging Strike
0-2: Ball
1-2: Ball
2-2: Ball
3-2: Foul Ball, location: 2F
3-2: Foul Ball, location: 2F
3-2: Base on Balls
Mike Green to second
Batting: RHB Michael Riley 0-0: Ball
1-0: Ball
2-0: Ball
3-0: Base on Balls
Mike Green to third
Juan Sánchez to second
Batting: RHB Wes Shannon 0-0: Grounds into double play, 6-4-3 (Groundball, 6M)
Top of the 3rd over - 1 run(s), 2 hit(s), 0 error(s), 2 left on base; Rocky Mountain 5 - Hartford 0
BOTTOM OF THE 3RD
Hartford Whalers batting - Pitching for Rocky Mountain Nuggets : RHP Ismael Barrios
Batting: RHB Brent Burgess 0-0: Swinging Strike
0-1: Ball
1-1: Swinging Strike
1-2: Ball
2-2: Strikes out looking
Batting: RHB Juan Tapia 0-0: SOLO HOME RUN (Line Drive, 7D), Distance : 395 ft
Batting: RHB Henry Jones 0-0: Ball
1-0: Fly out, F3 (Popup, 3SF)
Batting: RHB Edmund Gallagher 0-0: Called Strike
0-1: SINGLE (Groundball, 56)
Batting: SHB Virgil Eberle 0-0: Ball
1-0: Called Strike
1-1: SINGLE (Groundball, 4MD)
Edmund Gallagher to second
Runner from 2nd tries for 3rd, SAFE, throw made to third
Batting: LHB Keith Spear 0-0: Called Strike
0-1: Ball
1-1: Foul Ball, location: 2F
1-2: Ball
2-2: SINGLE (Groundball, 4MD)
Edmund Gallagher scores
Virgil Eberle to second
Batting: SHB Al Anderson 0-0: Called Strike
0-1: Ground out 5-3 (Groundball, 5)
Bottom of the 3rd over - 2 run(s), 4 hit(s), 0 error(s), 2 left on base; Rocky Mountain 5 - Hartford 2
TOP OF THE 4TH
Rocky Mountain Nuggets batting - Pitching for Hartford Whalers : LHP Ryan Draper
Now at SS: Dave Farr
Batting: RHB Javier Martínez 0-0: Ground out 5-3 (Groundball, 5S)
Batting: RHB Mark Melton 0-0: Ball
1-0: Foul Ball, location: 2F
1-1: Called Strike
1-2: Ball
2-2: Ball
3-2: Fly out, F8 (Flyball, 89D)
Batting: LHB Randy Bowen 0-0: Called Strike
0-1: Ball
1-1: Fly out, F7 (Flyball, 78M)
Top of the 4th over - 0 run(s), 0 hit(s), 0 error(s), 0 left on base; Rocky Mountain 5 - Hartford 2
BOTTOM OF THE 4TH
Hartford Whalers batting - Pitching for Rocky Mountain Nuggets : RHP Ismael Barrios
Batting: RHB Tommy Stanley 0-0: Foul Ball, location: 2F
0-1: Ball
1-1: Foul Ball, location: 2F
1-2: Ball
2-2: Foul Ball, location: 2F
2-2: Ball
3-2: Foul Ball, location: 2F
3-2: Foul Ball, location: 2F
3-2: Ground out 6-3 (Groundball, 6)
Batting: RHB Jake Hutchinson 0-0: Ball
1-0: Swinging Strike
1-1: Ball
2-1: Foul Ball, location: 2F
2-2: Strikes out swinging
Batting: RHB Dave Farr 0-0: Ball
1-0: Ball
2-0: Called Strike
2-1: Foul Ball, location: 2F
2-2: Foul Ball, location: 2F
2-2: Strikes out swinging
Bottom of the 4th over - 0 run(s), 0 hit(s), 0 error(s), 0 left on base; Rocky Mountain 5 - Hartford 2
TOP OF THE 5TH
Rocky Mountain Nuggets batting - Pitching for Hartford Whalers : LHP Ryan Draper
Batting: RHB Paul Smith 0-0: Called Strike
0-1: Swinging Strike
0-2: Ball
1-2: Foul Ball, location: 2F
1-2: Ground out 6-3 (Groundball, 6D)
Batting: LHB Javier Sánchez 0-0: Ball
1-0: Called Strike
1-1: Ball
2-1: Called Strike
2-2: Foul Ball, location: 2F
2-2: Foul Ball, location: 2F
2-2: Ball
3-2: Foul Ball, location: 2F
3-2: SINGLE (Line Drive, 8RS)
Batting: RHB Mike Green 0-0: SINGLE (Flyball, 8RS)
Javier Sánchez to second
Batting: SHB Juan Sánchez 0-0: Ball
1-0: Ball
2-0: Called Strike
2-1: Called Strike
2-2: Fly out, F9 (Flyball, 9S)
Batting: RHB Michael Riley 0-0: Called Strike
0-1: Ball
1-1: Fielders Choice at 2nd, U6 (Groundball, 6M)
Top of the 5th over - 0 run(s), 2 hit(s), 0 error(s), 2 left on base; Rocky Mountain 5 - Hartford 2
BOTTOM OF THE 5TH
Hartford Whalers batting - Pitching for Rocky Mountain Nuggets : RHP Ismael Barrios
Batting: RHB Juan Tapia 0-0: Ball
1-0: Ball
2-0: Ball
3-0: Called Strike
3-1: Base on Balls
Batting: RHB Henry Jones 0-0: Sac Bunt - play at first, batter OUT! 3-4
Juan Tapia to second
Batting: RHB Edmund Gallagher 0-0: Called Strike
0-1: Foul Ball, location: 2F
0-2: Foul Ball, location: 2F
0-2: Fly out, F7 (Flyball, 7LM)
Batting: SHB Virgil Eberle 0-0: Ball
1-0: Foul Ball, location: 2F
1-1: Called Strike
1-2: Ball
2-2: Strikes out swinging
Bottom of the 5th over - 0 run(s), 0 hit(s), 0 error(s), 1 left on base; Rocky Mountain 5 - Hartford 2
TOP OF THE 6TH
Rocky Mountain Nuggets batting - Pitching for Hartford Whalers : LHP Ryan Draper
Batting: RHB Wes Shannon 0-0: Called Strike
0-1: Ball
1-1: Ball
2-1: Foul Ball, location: 2F
2-2: DOUBLE (Line Drive, 7LM)
Batting: RHB Javier Martínez 0-0: Ball
1-0: Ground out 6-3 (Groundball, 6S)
Wes Shannon to third
Batting: RHB Mark Melton 0-0: Intentional Walk
Batting: LHB Randy Bowen 0-0: Ground out 5-3 (Groundball, 56S)
Wes Shannon scores
Mark Melton to second
Batting: RHB Paul Smith 0-0: Ball
1-0: Foul Ball, location: 2F
1-1: Swinging Strike
1-2: Ball
2-2: SINGLE (Groundball, 56D)
Mark Melton to third
Pitching: RHP Jim Washington
Batting: LHB Javier Sánchez 0-0: Ball
1-0: Called Strike
1-1: Ground out U3 (Groundball, 3L)
Top of the 6th over - 1 run(s), 2 hit(s), 0 error(s), 2 left on base; Rocky Mountain 6 - Hartford 2
BOTTOM OF THE 6TH
Hartford Whalers batting - Pitching for Rocky Mountain Nuggets : RHP Ismael Barrios
Batting: LHB Keith Spear 0-0: Ball
1-0: Called Strike
1-1: Ground out 6-3 (Groundball, 6M)
Batting: SHB Al Anderson 0-0: Called Strike
0-1: SINGLE (Flyball, 8LS)
Batting: RHB Tommy Stanley 0-0: Ball
1-0: Ball
2-0: Ball
3-0: Called Strike
3-1: Called Strike
3-2: Base on Balls
Al Anderson to second
Batting: RHB Jake Hutchinson 0-0: Called Strike
0-1: Ball
1-1: Called Strike
1-2: Strikes out swinging
Batting: RHB Dave Farr 0-0: Called Strike
0-1: 3-RUN HOME RUN (Flyball, 7LD), Distance : 353 ft
Batting: RHB Juan Tapia 0-0: SINGLE (Line Drive, 8LS)
Batting: RHB Henry Jones 0-0: Ball
1-0: Ball
2-0: Swinging Strike
2-1: Ground out U3 (Groundball, 3L)
Bottom of the 6th over - 3 run(s), 3 hit(s), 0 error(s), 1 left on base; Rocky Mountain 6 - Hartford 5
TOP OF THE 7TH
Rocky Mountain Nuggets batting - Pitching for Hartford Whalers : RHP Jim Washington
Batting: RHB Mike Green 0-0: Foul Ball, location: 2F
0-1: Ball
1-1: Called Strike
1-2: Foul Ball, location: 2F
1-2: Strikes out swinging
Batting: SHB Juan Sánchez 0-0: Ball
1-0: Foul Ball, location: 2F
1-1: SINGLE (Line Drive, 34D)
Batting: RHB Michael Riley 0-0: Ball
1-0: Foul Ball, location: 2F
1-1: SINGLE (Groundball, 6MD)
Juan Sánchez to second
Pinch Hitting: RHB Donald Thompson 0-0: Ball
1-0: Foul Ball, location: 2F
1-1: Ground out 5-3 (Groundball, 5S)
Juan Sánchez to third
Michael Riley to second
Pinch Hitting: LHB Juan Ríos 0-0: Called Strike
0-1: Ball
1-1: Ground out U3 (Groundball, 3)
Top of the 7th over - 0 run(s), 2 hit(s), 0 error(s), 2 left on base; Rocky Mountain 6 - Hartford 5
BOTTOM OF THE 7TH
Hartford Whalers batting - Pitching for Rocky Mountain Nuggets : RHP Ismael Barrios
Now in LF: Juan Ríos
Now in CF: Sergio Martínez
Batting: RHB Edmund Gallagher 0-0: Fly out, F9 (Flyball, 89S)
Batting: SHB Virgil Eberle 0-0: Ball
1-0: Called Strike
1-1: Foul Ball, location: 2F
1-2: Strikes out looking
Batting: LHB Keith Spear 0-0: Called Strike
0-1: Ball
1-1: Ball
2-1: Ground out 4-3 (Groundball, 34)
Bottom of the 7th over - 0 run(s), 0 hit(s), 0 error(s), 0 left on base; Rocky Mountain 6 - Hartford 5
TOP OF THE 8TH
Rocky Mountain Nuggets batting - Pitching for Hartford Whalers : RHP Jim Washington
Batting: RHB Mark Melton 0-0: Foul Ball, location: 2F
0-1: Ground out 6-3 (Groundball, 6)
Batting: LHB Randy Bowen 0-0: Called Strike
0-1: Swinging Strike
0-2: Strikes out swinging
Batting: RHB Paul Smith 0-0: Ball
1-0: Foul Ball, location: 2F
1-1: Ball
2-1: Ground out 6-3 (Groundball, 6)
Top of the 8th over - 0 run(s), 0 hit(s), 0 error(s), 0 left on base; Rocky Mountain 6 - Hartford 5
BOTTOM OF THE 8TH
Hartford Whalers batting - Pitching for Rocky Mountain Nuggets : RHP Ismael Barrios
Pitching: RHP Jorge Garza
Batting: SHB Al Anderson 0-0: Ball
1-0: Ball
2-0: Called Strike
2-1: Ground out 4-3 (Groundball, 4)
Batting: RHB Tommy Stanley 0-0: Ball
1-0: Called Strike
1-1: Ball
2-1: Ball
3-1: Base on Balls
Batting: RHB Jake Hutchinson 0-0: Ball
1-0: Sac Bunt - play at first, batter OUT! 1-4
Tommy Stanley to second
Batting: RHB Dave Farr 0-0: Called Strike
0-1: Ball
1-1: Ball
2-1: Swinging Strike
2-2: Ground out 5-3 (Groundball, 5S)
Bottom of the 8th over - 0 run(s), 0 hit(s), 0 error(s), 1 left on base; Rocky Mountain 6 - Hartford 5
TOP OF THE 9TH
Rocky Mountain Nuggets batting - Pitching for Hartford Whalers : RHP Jim Washington
Batting: LHB Javier Sánchez 0-0: Swinging Strike
0-1: Ball
1-1: Foul Ball, location: 2F
1-2: Ground out 2-3 (Groundball, 2R)
Batting: RHB Mike Green 0-0: Foul Ball, location: 2F
0-1: Fly out, F8 (Line Drive, 8LXD)
Batting: SHB Juan Sánchez 0-0: Swinging Strike
0-1: Ball
1-1: Fly out, F8 (Flyball, 8LXD)
Top of the 9th over - 0 run(s), 0 hit(s), 0 error(s), 0 left on base; Rocky Mountain 6 - Hartford 5
BOTTOM OF THE 9TH
Hartford Whalers batting - Pitching for Rocky Mountain Nuggets : RHP Jorge Garza
Pitching: RHP Kenny Powers
Batting: RHB Juan Tapia 0-0: Ground out 6-3 (Groundball, 6)
Batting: RHB Henry Jones 0-0: Ground out 5-3 (Groundball, 5L)
Batting: RHB Edmund Gallagher 0-0: Called Strike
0-1: Ball
1-1: Ball
2-1: Swinging Strike
2-2: Strikes out swinging
Bottom of the 9th over - 0 run(s), 0 hit(s), 0 error(s), 0 left on base; Rocky Mountain 6 - Hartford 5
This league is powered by Out of the Park Baseball, the baseball management simulation game for PC, Mac and Linux
Monday, October 3rd, 2016 - OOTP Baseball 16.9 Build 39